 Dungeon Crawl Stone Soup version 0.29.1-13-g9f3cf754e1 (webtiles) character file.

Game seed: 3456375311432511120

548 theswoord the Cutter (level 7, -10/60 HPs)
             Began as a Gnoll Wanderer on Jan 26, 2023.
             Mangled by an orc warrior
             ... wielding a +0 trident
              (12 damage)
             ... on level 4 of the Dungeon.
             The game lasted 00:03:48 (3859 turns).

theswoord the Cutter (Gnoll Wanderer)               Turns: 3859, Time: 00:03:48

Health: -10/60     AC:  7    Str: 15    XL:     7   Next: 28%
Magic:  10/12      EV: 11    Int: 12    God:
Gold:   80         SH:  0    Dex:  9    Spells: 12/13 levels left

rFire   + . .      SeeInvis .   a - +2 rapier (elec)
rCold   . . .      Faith    .   (no shield)
rNeg    . . .      Spirit   .   g - +1 acid dragon scales
rPois   .          Reflect  .   (no helmet)
rElec   .          Harm     .   (no cloak)
rCorr   +          Rampage  .   (no gloves)
Will    .....                   (no boots)
Stlth   +.........              (no amulet)
HPRegen 0.20/turn               u - ring of protection from fire
MPRegen 0.13/turn               (no ring)

@: no status effects
A: fangs 1, strong nose, distributed training
a: no special abilities


You were on level 4 of the Dungeon.
You visited 1 branch of the dungeon, and saw 4 of its levels.

You collected 80 gold pieces.

Inventory:

Hand Weapons
 a - a +2 rapier of electrocution (weapon)
Armour
 c - a +0 robe
 g - +1 acid dragon scales (worn)
 s - a +0 cloak
Jewellery
 u - a ring of protection from fire (left hand)
Wands
 m - a wand of quicksilver (4)
Scrolls
 b - 4 scrolls of teleportation
 f - a scroll of magic mapping
 i - 2 scrolls of butterflies
 j - 3 scrolls of enchant armour
 l - a scroll of blinking
 p - 3 scrolls of identify
Potions
 d - a potion of brilliance
 e - 3 potions of might
 h - 3 potions of degeneration
 k - a potion of flight
 n - a potion of attraction
 o - a potion of mutation {unknown}
 q - 5 potions of curing {unknown}
 r - a potion of resistance {unknown}
 t - a potion of cancellation {unknown}
 v - a potion of lignification {unknown}


   Skills:
 + Level 7.0 Fighting
 + Level 7.0 Short Blades
 + Level 2.5 Long Blades
 + Level 2.5 Axes
 + Level 2.5 Maces & Flails
 + Level 2.5 Polearms
 + Level 2.5 Staves
 + Level 2.5 Ranged Weapons
 + Level 2.5 Throwing
 + Level 3.6 Armour
 + Level 2.5 Dodging
 + Level 2.5 Stealth
 + Level 2.5 Shields
 + Level 2.5 Unarmed Combat
 + Level 3.8 Spellcasting
 + Level 2.0 Conjurations
 + Level 2.0 Hexes
 + Level 2.0 Summonings
 + Level 2.0 Necromancy
 + Level 2.0 Translocations
 + Level 2.0 Transmutations
 + Level 4.3 Fire Magic
 + Level 2.0 Ice Magic
 + Level 2.0 Air Magic
 + Level 2.0 Earth Magic
 + Level 2.0 Poison Magic
 + Level 2.7 Invocations
 + Level 2.5 Evocations


You had 12 spell levels left.
You knew the following spells:

 Your Spells              Type           Power      Damage    Failure   Level
a - Foxfire               Conj/Fire      36%        2x1d5     9%          1

Your spell library contained the following spells:

 Spells                   Type           Power      Damage    Failure   Level
 Summon Small Mammal      Summ           28%        N/A       13%         1
 Conjure Flame            Conj/Fire      9%         6-21      26%         3


Dungeon Overview and Level Annotations

Branches:
Dungeon (4/15)
 Temple: D:4-7

Altars:

Shops:
D:1 !


Innate Abilities, Weirdness & Mutations

You have very sharp teeth.
Your uncanny sense of smell can sniff out nearby items.
Your experience applies equally to all skills.


Message History

You see here a +0 long sword.
You closely miss the orc warrior. The orc warrior misses you.
You barely miss the orc warrior.
The orc warrior hits you with a +0 trident!
You hit the orc warrior.
Lightning courses through the orc warrior!!
The orc warrior is almost dead.
The orc warrior hits you with a +0 trident!
* * * LOW HITPOINT WARNING * * *
Casting: Foxfire (safe; 9% risk of failure)
Confirm with . or Enter, or press ? or * to list all spells.
You conjure some foxfire!
The orc warrior hits you with a +0 trident!
* * * LOW HITPOINT WARNING * * *
An orc warrior is nearby!
You closely miss the orc warrior.
The orc warrior is almost dead.
The foxfire hits the orc warrior.
The orc warrior is almost dead.
The foxfire hits the orc warrior but does no damage.
The orc warrior is almost dead.
The orc warrior barely misses you.
You closely miss the orc warrior.
The orc warrior is almost dead.
The orc warrior hits you with a +0 trident.
* * * LOW HITPOINT WARNING * * *
You barely miss the orc warrior.
The orc warrior is almost dead.
The orc warrior hits you with a +0 trident.
* * * LOW HITPOINT WARNING * * *
You barely miss the orc warrior.
The orc warrior is almost dead.
The orc warrior hits you with a +0 trident!
* * * LOW HITPOINT WARNING * * *
Unknown command.
Casting: Foxfire (safe; 9% risk of failure)
Confirm with . or Enter, or press ? or * to list all spells.
You conjure some foxfire!
The orc warrior hits you with a +0 trident!
You die...

##....####.#
##....###.88.#
.........#.#
#.####..#.88.#
......##.#.# #.#
#.)'....#
#.....##.#.###.#
#########
#.....#......#.####†...##
#.....#..######....####.#
#.....#..# #########.#
#.....#..# #vo##..##.#
#.....#..# #v@##..##§#
#.)# ###..##..## #..#
#..##§.# #..# ########


You could see an orc warrior (ally target).

Vanquished Creatures
  A black bear (D:4)
  A phantom (D:4)
  A howler monkey (D:4)
  A jelly (D:4)
  2 hounds (D:4)
  Ijyb (D:3)
  An orc priest (D:4)
  An iguana (D:4)
  2 orc wizards (D:3)
  4 gnolls (D:2)
  3 adders
  An ufetubus (D:4)
  3 worms
  2 dart slugs
  6 orcs
  2 ball pythons (D:4)
  2 bats
  5 endoplasms
  A giant cockroach (D:4)
  4 goblins
  3 hobgoblins
  A frilled lizard (D:2)
  4 kobolds
  5 rats
57 creatures vanquished.

Vanquished Creatures (others)
  19 foxfires
19 creatures vanquished.

Grand Total: 76 creatures vanquished

Notes
Turn   | Place    | Note
-------+----------+-------------------------------------------
     0 | D:1      | theswoord the Gnoll Wanderer began the quest for the Orb.
     0 | D:1      | theswoord set off with the following items: a +1 rapier, a
                  | scroll of teleportation, a +0 robe; and the following spell
                  | memorised: Foxfire; and the following spells available to
                  | memorise: Conjure Flame.
     0 | D:1      | Reached XP level 1. HP: 23/23 MP: 4/4
   115 | D:1      | Found Ugianeo's Distillery.
   563 | D:1      | Reached XP level 2. HP: 22/29 MP: 5/5
   753 | D:1      | Found a faded altar of an unknown god.
   757 | D:1      | Got Plato's Reference Book on Invitation
  1207 | D:2      | Reached XP level 3. HP: 32/35 MP: 7/7
  1345 | D:2      | Reached skill level 1 in Invocations
  1350 | D:2      | Reached skill level 1 in Long Blades
  1350 | D:2      | Reached skill level 1 in Axes
  1350 | D:2      | Reached skill level 1 in Maces & Flails
  1350 | D:2      | Reached skill level 1 in Polearms
  1350 | D:2      | Reached skill level 1 in Staves
  1350 | D:2      | Reached skill level 1 in Ranged Weapons
  1350 | D:2      | Reached skill level 1 in Throwing
  1350 | D:2      | Reached skill level 1 in Dodging
  1350 | D:2      | Reached skill level 1 in Stealth
  1350 | D:2      | Reached skill level 1 in Shields
  1350 | D:2      | Reached skill level 1 in Unarmed Combat
  1350 | D:2      | Reached skill level 1 in Evocations
  1352 | D:2      | Reached XP level 4. HP: 33/41 MP: 8/8
  2042 | D:3      | Reached skill level 1 in Conjurations
  2042 | D:3      | Reached skill level 1 in Hexes
  2042 | D:3      | Reached skill level 1 in Summonings
  2042 | D:3      | Reached skill level 1 in Necromancy
  2042 | D:3      | Reached skill level 1 in Translocations
  2042 | D:3      | Reached skill level 1 in Transmutations
  2042 | D:3      | Reached skill level 1 in Ice Magic
  2042 | D:3      | Reached skill level 1 in Air Magic
  2042 | D:3      | Reached skill level 1 in Earth Magic
  2042 | D:3      | Reached skill level 1 in Poison Magic
  2195 | D:3      | Identified the +5 short sword of the Spheres {venom, rElec
                  | Will+ Str+2}
  2236 | D:3      | Noticed Ijyb
  2292 | D:3      | Killed Ijyb
  2637 | D:3      | Reached XP level 5. HP: 36/47 MP: 7/9
  3099 | D:4      | Noticed a black bear
  3109 | D:4      | Killed a black bear
  3110 | D:4      | Reached XP level 6. HP: 39/53 MP: 4/11
  3583 | D:4      | Reached XP level 7. HP: 55/60 MP: 12/12
  3858 | D:4      | HP: 2/60 [orc warrior/+0 trident (11)]
  3859 | D:4      | Mangled by an orc warrior

Skill      XL: |  1  2  3  4  5  6  7 |
---------------+----------------------+-----
Invocations    | 1 2 |  2.7
Long Blades    | 1 2 |  2.5
Axes           | 1 2 |  2.5
Maces & Flails | 1 2 |  2.5
Polearms       | 1 2 |  2.5
Staves         | 1 2 |  2.5
Ranged Weapons | 1 2 |  2.5
Throwing       | 1 2 |  2.5
Dodging        | 1 2 |  2.5
Stealth        | 1 2 |  2.5
Shields        | 1 2 |  2.5
Unarmed Combat | 1 2 |  2.5
Evocations     | 1 2 |  2.5
Spellcasting   | 3 |  3.8
Conjurations   | 1 2 |  2.0
Hexes          | 1 2 |  2.0
Summonings     | 1 2 |  2.0
Necromancy     | 1 2 |  2.0
Translocations | 1 2 |  2.0
Transmutations | 1 2 |  2.0
Ice Magic      | 1 2 |  2.0
Air Magic      | 1 2 |  2.0
Earth Magic    | 1 2 |  2.0
Poison Magic   | 1 2 |  2.0
Armour         | 3 |  3.6
Fire Magic     | 4 |  4.3
Fighting       | 7 |  7.0
Short Blades   | 7 |  7.0

Action                   |  1- 3 |  4- 6 |  7- 9 || total
-------------------------+-------+-------+-------++-------
Melee: Rapier            |    55 |   109 |    24 ||   188
       Bite              |     4 |     7 |     2 ||    13
       Punch             |       |     2 |     1 ||     3
 Cast: Foxfire           |       |     8 |     5 ||    13
  Use: Potion            |     1 |       |       ||     1
       Scroll            |       |    11 |       ||    11
 Stab: Sleeping          |     1 |       |       ||     1
Armor: Acid dragon scale |    10 |    36 |     3 ||    49
       Robe              |     1 |       |       ||     1
Dodge: Dodged            |    30 |    42 |    10 ||    82

Levels and vault maps discovered:
D:1:      reono_arrival_mine, layout_loops_corners, serial_shops,
          nicolae_lakefront_shop, shapermc_ecumenical_altar_rom_forum
D:2:      layout_basic
D:3:      layout_basic, minmay_misc_feat_more_columns, uniq_ijyb
D:4:      minmay_chambers_of_fours, layout_basic
